Map: Blackrock LE

Players

HeroMarine - Winner!

  • Race: Terran Terran
  • Spawn Location: 1:00

HolyHit

  • Race: Protoss Protoss
  • League: Grandmaster
  • Spawn Location: 7:00

Event: HomeStory Cup XXIX

VOD

Have the link to the VOD?

Description

Time

  • Played on: July 3, 2026, 7:57 a.m.
  • Length: 8:45

All games in this series

Show
View Real Time Build Order
Export as new Build Order

HeroMarine Terran - Winner!

Build Orders: Reaper Expand 

Get SALT Encoding   

  8  0:00  SCV  
  9  0:12  SCV  
  10  0:24  SCV  
  11  0:29  Supply Depot  
  11  0:36  SCV  
  12  0:48  SCV  
  13  0:54  Barracks  
  13  1:01  Refinery  
  13  1:04  SCV  
  14  1:17  SCV  
  15  1:29  SCV  
  16  1:42  Orbital Command  
  16  1:43  Reaper  
  17  2:08  Command Center  
  17  2:11  SCV  
  18  2:17  Marine  
  19  2:23  SCV  
  19  2:27  Supply Depot  
  20  2:35  SCV  
  21  2:39  Factory  
  21  2:40  Barracks Reactor  
  21  2:49  SCV  
  22  2:58  Refinery  
  22  3:01  SCV  
  23  3:13  SCV  
  24  3:20  Orbital Command  
  24  3:23  Hellion  
  24  3:24  Starport  
  24  3:25  SCV  
  27  3:27  Marine x2  
  29  3:37  Orbital Command, SCV  
  30  3:45  Marine x2  
  34  3:49  SCV  
  34  3:50  Supply Depot  
  34  3:53  Factory Tech Lab  
  33  3:59  Bunker  
  33  4:02  SCV  
  34  4:03  Marine x2, SCV  
  34  4:06  Medivac  
  39  4:14  SCV  
  39  4:15  SCV  
  41  4:20  Siege Tank  
  41  4:22  Supply Depot  
  44  4:26  SCV  
  44  4:27  SCV  
  46  4:35  Marine x2  
  46  4:36  Barracks  
  46  4:38  Starport Tech Lab  
  48  4:41  SCV  
  48  4:42  SCV  
  50  4:50  Supply Depot  
  50  4:53  SCV  
  50  4:54  SCV, Siege Tank  
  55  5:01  Raven  
  55  5:05  Marine  
  58  5:11  Supply Depot, SCV x2  
  59  5:23  Marine x2, SCV x2  
  59  5:26  Barracks  
  60  5:32  Siege Tank  
  61  5:35  SCV x2  
  61  5:36  Engineering Bay  
  61  5:39  Refinery  
  63  5:46  Stimpack  
  63  5:47  Marine x3  
  63  5:48  SCV x2  
  68  5:52  Supply Depot  
  68  6:00  SCV x2  
  70  6:04  Terran Infantry Weapons Level 1  
  70  6:07  Marine x3  
  70  6:08  Refinery  
  73  6:12  SCV  
  73  6:14  SCV  
  73  6:15  Factory Reactor, Starport Reactor  
  75  6:19  Missile Turret  
  75  6:21  Marine, Supply Depot  
  75  6:22  Supply Depot  
  75  6:24  SCV  
  75  6:25  Marine  
  78  6:26  SCV  
  78  6:28  Combat Shield  
  78  6:31  Marine  
  82  6:42  Marauder  
  82  6:43  Marine, Marauder, Supply Depot  
  82  6:44  Supply Depot  
  87  6:49  Marine  
  87  6:54  Medivac x2  
  88  6:59  Command Center  
  90  7:08  Marine x2, Barracks  
  91  7:09  Marauder, Barracks  
  91  7:10  Marauder  
  96  7:20  Widow Mine x2, Supply Depot  
  96  7:22  SCV x2  
  101  7:26  Concussive Shells  
  99  7:30  Marauder  
  99  7:31  Marine x2, Marauder  
  99  7:34  SCV x2  
  106  7:44  Supply Depot  
  106  7:48  Widow Mine x2  
  106  7:49  Marine  
  106  7:50  Medivac x2  
  112  7:51  Marauder  
  112  7:53  Marauder  
  116  8:01  Barracks Reactor, Barracks Tech Lab  
  116  8:02  SCV x2  
  118  8:06  Marine  
  118  8:07  Marine  
  118  8:11  SCV  
  121  8:13  Marauder  
  121  8:14  SCV x2  
  127  8:20  Marauder x2  
  127  8:26  SCV x2  
Show
View Real Time Build Order
Export as new Build Order

HolyHit Protoss 

Build Orders:  

Get SALT Encoding   

  8  0:00  Probe (Chrono Boost)  
  9  0:12  Probe (Chrono Boost)  
  10  0:18  Probe (Chrono Boost)  
  11  0:26  Probe  
  12  0:32  Pylon  
  12  0:38  Probe  
  13  0:51  Probe  
  13  0:54  Gateway  
  14  1:03  Probe (Chrono Boost)  
  15  1:05  Assimilator  
  15  1:12  Probe (Chrono Boost)  
  15  1:17  Probe (Chrono Boost)  
  17  1:29  Probe  
  18  1:41  Probe  
  18  1:44  Cybernetics Core  
  19  2:01  Nexus  
  19  2:07  Pylon  
  19  2:10  Probe  
  20  2:15  Assimilator  
  20  2:22  Adept (Chrono Boost)  
  20  2:24  Probe  
  20  2:28  Warp Gate  
  23  2:37  Probe  
  24  2:48  Stalker  
  24  2:49  Probe  
  27  3:01  Probe  
  28  3:13  Probe x2  
  28  3:15  Stalker  
  32  3:23  Gateway x2  
  32  3:25  Probe  
  33  3:33  Probe  
  34  3:37  Probe  
  34  3:39  Pylon  
  35  3:45  Probe  
  36  3:50  Probe  
  36  3:51  Pylon  
  37  3:57  Probe  
  37  4:03  Probe  
  37  4:09  Probe  
  39  4:20  Stalker x3  
  39  4:22  Probe (Chrono Boost)  
  46  4:30  Probe (Chrono Boost)  
  47  4:34  Probe (Chrono Boost)  
  47  4:35  Pylon  
  48  4:41  Probe (Chrono Boost)  
  48  4:44  Probe (Chrono Boost)  
  50  4:49  Pylon  
  50  4:53  Stalker x2  
  50  4:54  Sentry  
  50  4:58  Probe  
  57  5:07  Twilight Council  
  57  5:08  Robotics Facility  
  57  5:10  Probe  
  52  5:16  Stalker x2  
  52  5:20  Stalker  
  58  5:25  Probe (Chrono Boost)  
  58  5:27  Robotics Facility, Probe (Chrono Boost)  
  58  5:37  Probe (Chrono Boost)  
  58  5:38  Probe (Chrono Boost)  
  58  5:42  Probe (Chrono Boost)  
  59  5:43  Blink (Chrono Boost)  
  60  5:50  Probe  
  60  5:51  Probe  
  62  5:59  Assimilator  
  62  6:02  Probe  
  63  6:15  Nexus  
  63  6:17  Pylon, Stalker  
  65  6:21  Pylon  
  65  6:25  Probe (Chrono Boost)  
  64  6:26  Robotics Bay  
  64  6:29  Probe (Chrono Boost)  
  65  6:35  Stalker  
  65  6:39  Probe (Chrono Boost)  
  69  6:40  Probe (Chrono Boost)  
  69  6:41  Observer  
  69  6:44  Probe (Chrono Boost)  
  69  6:46  Probe  
  72  6:55  Probe  
  72  6:58  Probe  
  72  7:01  Stalker  
  76  7:07  Probe  
  77  7:09  Gateway  
  77  7:10  Probe  
  77  7:13  Gateway  
  78  7:19  Probe  
  79  7:25  Colossus (Chrono Boost)  
  78  7:40  Stalker x3  
  79  7:48  Probe  
  79  7:50  Probe  
  79  7:55  Gateway  
  79  7:57  Gateway  
  75  7:59  Probe  
  75  8:01  Shield Battery  
  75  8:03  Stalker x3  
  78  8:18  Probe x2  
  79  8:25  Stalker x2  
  65  8:30  Probe  
Tags
 
Add a new tag
Caveats
  • Supply blocks, unpowered buildings, or Contaminate may cause inaccurate times.
  • Supply counts are checked every 10 seconds.